 Dungeon Sprint DCSS version 0.30.1-4-g462c640d31 (webtiles) character file.

Game seed: 1732902518328521975

109 fozzywoppz the Sneak (level 4, -2/21 HPs)
             Began as a Spriggan Enchanter on Aug 2, 2023.
             Slain by an orange demon (10 damage)
             ... summoned by a kobold demonologist
             ... in the Dungeon (Sprint III: "The Ten Rune Challenge") on Sept 7, 2023.
             The game lasted 00:03:54 (356 turns).

fozzywoppz the Sneak (Spriggan Enchanter)            Turns: 356, Time: 00:03:55

Health: -2/21      AC:  2    Str:  4    XL:     4   Next: 59%
Magic:  7/12       EV: 20    Int: 16    God:
Gold:   32         SH:  0    Dex: 17    Spells: 5/13 levels left

rFire   . . .        j - +2 dagger (vamp)
rCold   . . .        (no shield)
rNeg    . . .        b - +0 robe
rPois   .            (helmet restricted)
rElec   .            (no cloak)
rCorr   .            (gloves unavailable)
SInv    +            (boots unavailable)
Will    .....        (no amulet)
Stlth   ++++         (no ring)
HPRegen 0.23/turn    (no ring)
MPRegen 0.13/turn

%: no teleportation
@: very quick
A: very small, no large weapons, unfitting armour, see invisible, speed 3
a: no special abilities


You were in the Dungeon.
You visited 1 branch You collected 32 gold pieces.

Inventory:

Hand Weapons
 j - a +2 vampiric dagger (weapon)
Armour
 b - a +0 robe (worn)
Scrolls
 a - a scroll of immolation {unknown}
 i - 2 scrolls of blinking
 k - a scroll of identify {unknown}
 n - a scroll of torment {unknown}
Potions
 c - 2 potions of invisibility
 d - a potion of curing
 e - a potion of heal wounds
 f - a potion of haste
 g - 2 potions of magic
 l - 2 potions of flight {unknown}
 m - 5 potions of mutation


   Skills:
 + Level 4.4 Short Blades
 + Level 6.4 Dodging
 + Level 7.8 Stealth
 - Level 5.0 Spellcasting
 + Level 6.1 Hexes


You had 5 spell levels left.
You knew the following spells:

 Your Spells              Type           Power      Damage    Failure   Level
a - Ensorcelled Hibernat  Hex/Ice        26%        N/A       7%          2
b - Confusing Touch       Hex            23%        N/A       3%          3
c - Tukima's Dance        Hex            23%        N/A       3%          3

Your spell library contained the following spells:

 Spells                   Type           Power      Damage    Failure   Level
 Dazzling Flash           Conj/Hex       26%        N/A       13%         3


Dungeon Overview and Level Annotations

Branches:
Dungeon (1/1)

Altars:
Kikubaaqudgha
Sif Muna
Vehumet


Innate Abilities, Weirdness & Mutations

You are very small and have problems with some larger weapons.
You are too small for most types of armour.
You have supernaturally acute eyesight. (SInv)
You cover ground extremely quickly. (Speed+++)


Message History

You hit the kobold demonologist but do no damage.
The kobold demonologist is lightly wounded.
The orange demon stings you from afar! The kobold demonologist misses you.
The wizard hits you with a +0 dagger.
Casting: Ensorcelled Hibernation (safe; 7% risk of failure)
Confirm with . or Enter, or press ? or * to list all spells.
Aiming: Ensorcelled Hibernation (safe; 7% risk of failure)
Press: ? - help, Shift-Dir - straight line, f/p - wizard
Aim: a wizard, wielding a +0 dagger and wearing a +0 robe (moderately wounded, chance to affect: 16%)
Okay, then.
Casting: Ensorcelled Hibernation (safe; 7% risk of failure)
Confirm with . or Enter, or press ? or * to list all spells.
The spell is quite dangerous to miscast (3% risk of failure)!
Continue anyway?
Okay, then.
Casting: Confusing Touch (quite dangerous; 3% risk of failure)
Confirm with . or Enter, or press ? or * to list all spells.
The spell is quite dangerous to miscast (3% risk of failure)!
Continue anyway?
Your hands begin to glow red.
The orange demon closely misses you. The wizard completely misses you.
The kobold demonologist closely misses you.
You closely miss the wizard.
The wizard is moderately wounded.
The orange demon closely misses you.
You hit the wizard but do no damage.
The wizard appears confused.
The wizard is moderately wounded.
The kobold demonologist hits you with a +0 dagger.
The orange demon misses you.
You hit the kobold demonologist.
The kobold demonologist is moderately wounded.
The kobold demonologist gestures wildly while chanting.
The wizard hits the kobold demonologist with a +0 dagger.
The wizard hits itself with a +0 dagger.
Casting: Confusing Touch (quite dangerous; 3% risk of failure)
Confirm with . or Enter, or press ? or * to list all spells.
Okay, then.
You closely miss the kobold demonologist.
The kobold demonologist shouts!
The kobold demonologist is heavily wounded.
The orange demon stings you from afar!
You die...

#..#......♣ ♣♣.#
####......♣ ♣..#
...#....~.♣♣♣..###+#+###
.†.#...~~♣♣..♣.#........
...#..~~~~.♣.♣.'.⌠......
##'#..~≈≈~~~♣..#...####
...#.~~≈~~~....#.⌠.#
.[.#.~≈~~~.....#...#
...#.~~~.......#@###
####...........#K55#
...............#p4_#
▓▓▓▓▓▓▓▓▓▓▓▓▓▓▓▓▓▓▓▓


You could see an orange demon (summoned), a wizard (confused), a kobold
demonologist, a crimson imp (summoned) and a shadow imp (summoned).

Vanquished Creatures
  A water elemental (D)
  Jessica (D)
  A human (D)
  A phantom (D)
  3 rats (D)
7 creatures vanquished.

Notes
Turn   | Place    | Note
-------+----------+-------------------------------------------
     0 | D        | fozzywoppz the Spriggan Enchanter began the quest for the
                  | Orb.
     0 | D        | Reached XP level 1. HP: 9/9 MP: 5/5
    31 | D        | Upgraded the game from 0.30.1-3-gfc49f6343a to
                  | 0.30.1-4-g462c640d31
    32 | D        | Noticed Jessica
    35 | D        | Killed Jessica
    36 | D        | Reached skill level 6 in Stealth
    36 | D        | Reached XP level 2. HP: 13/13 MP: 6/8
    63 | D        | Learned a level 2 spell: Ensorcelled Hibernation
    78 | D        | Reached XP level 3. HP: 16/16 MP: 9/9
   181 | D        | Reached skill level 5 in Hexes
   291 | D        | Learned a level 3 spell: Confusing Touch
   295 | D        | Learned a level 3 spell: Tukima's Dance
   295 | D        | Noticed a water elemental
   304 | D        | Killed a water elemental
   305 | D        | Reached skill level 7 in Stealth
   305 | D        | Reached skill level 5 in Spellcasting
   305 | D        | Reached XP level 4. HP: 21/21 MP: 12/12
   345 | D        | Found a radiant altar of Vehumet.
   346 | D        | Found a shimmering blue altar of Sif Muna.
   346 | D        | Found an ancient bone altar of Kikubaaqudgha.
   346 | D        | Noticed a wizard
   350 | D        | Noticed an orange demon
   356 | D        | Slain by an orange demon

Illustrated notes

Levels and vault maps discovered:
D:        dungeon_sprint_mu [sprint_mu_entry_forest, sprint_mu_temple_rooms,
          sprint_mu_d1_horrors, sprint_mu_d2_genie, sprint_mu_d3_branching,
          sprint_mu_orc_legion, sprint_mu_elf_gauntlet, sprint_mu_hive_nellie,
          sprint_mu_lair_fedhas, sprint_mu_vaults_butterflies,
          sprint_mu_slime_circle, sprint_mu_swamp_cave, sprint_mu_snake_twists,
          sprint_mu_blade_basic, sprint_mu_crypt_fortress,
          sprint_mu_tomb_spiral, sprint_mu_vestibule_basic,
          sprint_mu_gehenna_hellfire, sprint_mu_dis_giant,
          sprint_mu_tartarus_statrot, sprint_mu_cocytus_islands, sprint_mu_zot1]

Skill      XL: |  1  2  3 |
---------------+----------+-----
Dodging        | 4 6 |  6.4
Short Blades   | 2 3 4 |  4.4
Stealth        | 6 7 |  7.8
Spellcasting   | 4 5 |  5.0
Hexes          | 4 6 |  6.1

Action                     |  1- 3 |  4- 6 || total
---------------------------+-------+-------++-------
  Melee: Dagger            |    52 |     8 ||    60
         Punch             |     1 |       ||     1
   Cast: Ensorcelled Hiber |     7 |     1 ||     8
         Confusing Touch   |       |     1 ||     1
    Use: Potion            |     1 |       ||     1
   Stab: Sleeping          |     3 |       ||     3
  Dodge: Dodged            |    36 |    10 ||    46
